 Dungeon Crawl Stone Soup version 0.20.1-1-g8b1a95d (webtiles) character file.

198 slep the Chopper (level 5, -4/39 HPs)
             Began as a Demonspawn Gladiator on Dec 19, 2017.
             Was an Initiate of Okawaru.
             Slain by slep's ghost (14 damage)
             ... while paralysed by Grinder
             ... on level 4 of the Dungeon.
             The game lasted 00:09:42 (2700 turns).

slep the Chopper (Demonspawn Gladiator)             Turns: 2700, Time: 00:09:42

Health: -4/39      AC:  3    Str: 13 (14) XL:     5   Next: 47%
Magic:  14/14      EV:  2    Int:  9 (10) God:    Okawaru [......]
Gold:   113        SH:  0    Dex: 12 (15) Spells: 4/4 levels left

rFire    . . .     SeeInvis .   a - +0 war axe
rCold    + . .     Gourm    .   (no shield)
rNeg     . . .     Faith    .   b - +0 leather armour
rPois    .         Spirit   .   (helmet restricted)
rElec    .         Reflect  .   (no cloak)
rCorr    .         Harm     .   (no gloves)
MR       .....                  (no boots)
Stlth    ++........             (no amulet)
Regen    0.2/turn               v - ring of stealth
MPRegen  0.2/turn               y - ring of magical power

@: paralysed, flying
A: antennae 1, cold resistance 1
a: Renounce Religion


You were on level 4 of the Dungeon.
You worshipped Okawaru.
Okawaru was noncommittal.
You were not hungry.

You visited 1 branch of the dungeon, and saw 4 of its levels.

You collected 113 gold pieces.

Inventory:

Hand Weapons
 a - a +0 war axe (weapon)
Missiles
 d - 3 throwing nets
 i - 24 poisoned needles
 m - 7 tomahawks of returning (quivered)
Armour
 b - a +0 leather armour (worn)
 c - a +0 helmet
Jewellery
 v - a ring of stealth (left hand)
 y - a ring of magical power (right hand)
Scrolls
 e - 3 scrolls of enchant armour {unknown}
 g - a scroll of immolation {unknown}
 h - 6 scrolls of remove curse {unknown}
 l - a scroll of random uselessness {unknown}
 o - 3 scrolls of noise {unknown}
 p - a scroll of fear {unknown}
 u - 5 scrolls of identify {unknown}
 w - 2 scrolls of teleportation {unknown}
Potions
 j - 2 potions of degeneration
 s - a potion of berserk rage {unknown}
 t - a potion of curing {unknown}
 x - a potion of might {unknown}
 z - a potion of resistance {unknown}
 A - a potion of mutation {unknown}
Comestibles
 f - 2 bread rations
 n - 2 meat rations


   Skills:
 + Level 2.5 Fighting
 + Level 4.1 Axes
 + Level 2.0 Throwing
 + Level 1.8 Armour
 + Level 3.3 Dodging
 + Level 1.5 Stealth


You had 4 spell levels left.
You didn't know any spells.

Dungeon Overview and Level Annotations

Branches:
Dungeon (4/15)
 Temple: D:4-7

Altars:
Okawaru

Annotations:
D:4 Grinder; slep's ghost, amateur VSGl


Innate Abilities, Weirdness & Mutations

You have a pair of small antennae on your head.
Your flesh is cold resistant. (rC+)


Message History

Grinder shouts!
You bump into the rock wall.
Slep's ghost turns its malevolent gaze towards you.
It was a potion of flight.
You feel very buoyant.
You fly up into the air.
It was a potion of heal wounds.
You feel much better.
You bump into the rock wall.
Grinder gestures at you.
You suddenly lose the ability to move!
Slep's ghost hits you.
You feel less invigorated.
You feel less confused. Slep's ghost hits you! Slep's ghost hits you!
* * * LOW HITPOINT WARNING * * *
Grinder gestures at you.
You shrug off the repeated paralysis!
Slep's ghost hits you!
You die...

#... ##... ##########
.....##.........
................ ##
................ .#
................ .#
#5...!........
.###############5........
..............>.@W..##'#
#################....# #
.......# # .......## #
..8.8.8.# # ..........# #
...........# #
....#.!.....# #


You could see Grinder and slep's ghost.

Vanquished Creatures
  An orc wizard (D:4)
  Natasha (twice) (D:3)
  2 adders
  3 oozes
  5 worms
  2 dart slugs
  5 leopard geckos
  3 orcs
  5 giant cockroaches
  5 goblins
  8 hobgoblins
  A jackal (D:2)
  3 quokkas
  7 bats
  3 frilled lizards
  4 kobolds
  13 rats
72 creatures vanquished.

Notes
Turn   | Place    | Note
-------+----------+-------------------------------------------
     0 | D:1      | slep the Demonspawn Gladiator began the quest for the Orb.
     0 | D:1      | Reached XP level 1. HP: 16/16 MP: 1/1
   233 | D:1      | Gained mutation: Your flesh is cold resistant. (rC+) [demonic ancestry]
   233 | D:1      | Reached XP level 2. HP: 22/22 MP: 2/2
   339 | D:1      | Reached skill level 3 in Axes
   770 | D:1      | Reached XP level 3. HP: 14/27 MP: 3/3
  1325 | D:2      | Found an iron altar of Okawaru.
  1336 | D:2      | Reached XP level 4. HP: 20/34 MP: 4/4
  1397 | D:3      | Noticed Natasha
  1407 | D:3      | Killed Natasha
  1407 | D:3      | Reached skill level 1 in Armour
  1608 | D:3      | Noticed Natasha
  1627 | D:3      | Killed Natasha
  1627 | D:3      | Gained mutation: You have a pair of small antennae on your head. [demonic ancestry]
  1627 | D:3      | Reached XP level 5. HP: 6/39 MP: 5/5
  1891 | D:3      | Reached skill level 1 in Stealth
  1940 | D:2      | Became a worshipper of Warmaster Okawaru
  2623 | D:4      | Reached skill level 4 in Axes
  2680 | D:4      | Noticed slep's ghost (amateur VSGl)
  2691 | D:4      | Noticed Grinder
  2696 | D:4      | Paralysed by Grinder for 6 turns
  2700 | D:4      | Slain by slep's ghost

Skill      XL: |  1  2  3  4  5 |
---------------+----------------+-----
Throwing       | 2 |  2.0
Axes           | 3 4 |  4.1
Dodging        | 3 |  3.3
Armour         | 1 |  1.8
Stealth        | 1 |  1.5
Fighting       | |  2.5

Action                   |  1- 3 |  4- 6 || total
-------------------------+-------+-------++-------
Melee: War axe           |   102 |   108 ||   210
Throw: Tomahawk          |     1 |       ||     1
  Use: Potion            |       |     5 ||     5
 Stab: Sleeping          |       |    10 ||    10
  Eat: Chunk             |     1 |     5 ||     6
Armor: Leather armour    |    27 |    19 ||    46
Dodge: Dodged            |    77 |    74 ||   151
